 Dungeon Crawl Stone Soup version 0.27-a0-1060-gcb85b5eba1 (webtiles) character file.

Game seed: 17761313816750301246

123 Ijustatesigmund the Skirmisher (level 4, 0/37 HPs)
             Began as a Demonspawn Fighter on Apr 21, 2021.
             Succumbed to Sigmund's poison
             ... on level 4 of the Dungeon.
             The game lasted 00:05:48 (3449 turns).

Ijustatesigmund the Skirmisher (Demonspawn Fighter) Turns: 3449, Time: 00:05:49

Health: 0/37       AC: 12    Str: 16    XL:     4   Next: 80%
Magic:  4/4        EV:  7    Int: 10    God:
Gold:   52         SH:  0    Dex: 13    Spells: 3/3 levels left

rFire    . . .     SeeInvis .   a - +0 war axe
rCold    . . .     Faith    .   c - +0 kite shield
rNeg     . . .     Spirit   .   b - +0 scale mail
rPois    +         Reflect  .   (helmet restricted)
rElec    .         Harm     .   d - +2 cloak {rPois}
rCorr    .         Rampage  .   (no gloves)
Will     .....                  (no boots)
Stlth    ..........             (no amulet)
HPRegen  0.12/turn              (no ring)
MPRegen  0.09/turn              (no ring)

@: confused, lethally poisoned (0 -> -31), ambrosia-drunk
A: horns 1, molten scales 2
a: no special abilities


You were on level 4 of the Dungeon.
You visited 1 branch of the dungeon, and saw 4 of its levels.

You collected 52 gold pieces.

Inventory:

Hand Weapons
 a - a +0 war axe (weapon)
Missiles
 l - an atropa-tipped dart (quivered)
Armour
 b - a +0 scale mail (worn)
 c - a +0 kite shield (worn)
 d - a +2 cloak of poison resistance (worn)
Scrolls
 j - a scroll of teleportation
 m - a scroll of fear {unknown}
Potions
 i - 2 potions of flight
 k - a potion of degeneration {unknown}


   Skills:
 + Level 3.8 Fighting
 * Level 3.5 Axes
 - Level 2.6 Armour
 + Level 1.7 Dodging
 - Level 2.6 Shields


You had 3 spell levels left.
You didn't know any spells.
Your spell library contained the following spells:

 Spells                   Type           Power      Damage    Failure   Level
 Sublimation of Blood     Necr           0%         N/A       100%        2
 Frozen Ramparts          Ice            0%         1d2       100%        3
 Summon Ice Beast         Ice/Summ       0%         N/A       100%        4
 Agony                    Necr           0%         N/A       100%        5
 Freezing Cloud           Conj/Ice/Air   0%         6-21      100%        6


Dungeon Overview and Level Annotations

Branches:
Dungeon (4/15)
 Temple: D:4-7

Altars:
Trog
Zin

Annotations:
D:3 Ijyb
D:4 Sigmund


Innate Abilities, Weirdness & Mutations

You have a pair of small horns on your head.
You are mostly covered in molten scales. (AC +3)


Message History

* * * LOW HITPOINT WARNING * * *
You are more confused.
You feel invigorated.
* * * LOW HITPOINT WARNING * * *
You feel very sick. Something hits you but does no damage.
You miss something.
* * * LOW HITPOINT WARNING * * *
You feel very sick.
You hear some strange, mumbled words.
A magic dart appears from out of thin air!
The magic dart hits you.
* * * LOW HITPOINT WARNING * * *
You closely miss something.
You feel sick.
You hear some strange, mumbled words.
Something tries to affect you, but you resist.
Something hits you but does no damage.
You miss something.
You feel less wooden.
Your +2 cloak of poison resistance unmelds from your body.
Your +0 scale mail unmelds from your body.
You feel resistant to poison.
You feel sick. Something hits you but does no damage.
You are lethally poisoned!
Something hits you!
* * * LOW HITPOINT WARNING * * *
You are more poisoned.
You're too confused to attack without stumbling around!
You're too confused to attack without stumbling around!
You're too confused to attack without stumbling around!
You're too confused to attack without stumbling around!
You're too confused to attack without stumbling around!
You're too confused to attack without stumbling around!
You're too confused to attack without stumbling around!
You're too confused to attack without stumbling around!
You're too confused to attack without stumbling around!
Non-targeted confused throw: 2 darts (atropa)
Press: ? - help, Q - select action Dir - look around, f - activate You throw an atropa-tipped dart.
You die...

............# .#
............# .#
............# .#
##.........# ##.#
###......## #<.#
#.)...## #...#
##...## ####...##
##....######.({...#
#............@....#
#.................#
#...##.............#
#..######......##..#
#..# ##....## #.#
#..# #...## . ..##
#..## #..# ...# #..
.##


There were no monsters in sight!

Vanquished Creatures
  Crazy Yiuf (D:2)
  Natasha (D:3)
  A worm (D:2)
  3 dart slugs
  3 orcs (D:2)
  6 endoplasms
  3 giant cockroaches
  4 hobgoblins
  7 jackals
  3 quokkas
  3 ball pythons
  3 bats
  3 frilled lizards
  4 goblins
  6 kobolds
  6 rats
57 creatures vanquished.

Notes
Turn   | Place    | Note
-------+----------+-------------------------------------------
     0 | D:1      | Ijustatesigmund the Demonspawn Fighter began the quest for
                  | the Orb.
     0 | D:1      | Reached XP level 1. HP: 18/18 MP: 1/1
   286 | D:1      | Gained mutation: You are partially covered in molten
                  | scales. (AC +2) [demonic ancestry]
   286 | D:1      | Reached XP level 2. HP: 24/24 MP: 2/2
  1181 | D:2      | Gained mutation: You have a pair of small horns on your
                  | head. [demonic ancestry]
  1181 | D:2      | Reached XP level 3. HP: 26/29 MP: 3/3
  1213 | D:2      | Reached skill level 1 in Dodging
  1877 | D:2      | Found a runed translucent door.
  1878 | D:2      | Noticed Crazy Yiuf
  1892 | D:2      | Killed Crazy Yiuf
  1893 | D:2      | Gained mutation: You are mostly covered in molten scales.
                  | (AC +3) [demonic ancestry]
  1893 | D:2      | Reached XP level 4. HP: 17/35 MP: 4/4
  2650 | D:3      | Found a faded altar of an unknown god.
  2651 | D:3      | Identified the Incunabulum of the Glacier and Evil Rituals
  2716 | D:3      | Noticed Natasha
  2722 | D:3      | Killed Natasha
  2771 | D:3      | Noticed Ijyb
  3183 | D:3      | Found a bloodstained altar of Trog.
  3329 | D:4      | Noticed Sigmund
  3449 | D:4      | Succumbed to Sigmund's poison

Illustrated notes

Levels and vault maps discovered:
D:1:      dpeg_arrival_yet_another_circle, layout_basic
D:2:      layout_basic, uniq_crazy_yiuf_cottage
D:3:      layout_basic, gammafunk_temple_overflow_wave,
          ebering_ecumenical_altar_ruins, uniq_natasha, uniq_ijyb
D:4:      layout_layer_cave, jmf_multi_god_temple, uniq_grinder, uniq_sigmund

Skill      XL: |  1  2  3 |
---------------+----------+-----
Axes           | 2 3 |  3.5
Dodging        | 1 |  1.7
Fighting       | |  3.8
Armour         | |  2.6
Shields        | |  2.6

Action                   |  1- 3 |  4- 6 || total
-------------------------+-------+-------++-------
Melee: War axe           |   105 |    66 ||   171
       Headbutt          |     8 |     9 ||    17
       Unarmed           |       |     2 ||     2
Throw: Dart              |       |     2 ||     2
  Use: Scroll            |     2 |     7 ||     9
       Potion            |     2 |     4 ||     6
Armor: Scale mail        |    67 |    36 ||   103
       Skin              |       |    10 ||    10
Dodge: Dodged            |    43 |    23 ||    66
Block: Kite shield       |    49 |    27 ||    76

Table legend: (Time is in decaauts)
 A = Elapsed time spent in this place.
 B = Non-inter-level travel time spent in this place.
 C = Inter-level travel time spent in this place.
 D = Time resting spent in this place.
 E = Time spent auto-exploring this place.
 F = Levels seen in this place.
 G = Mean time per level.
                   A        B        C        D        E       F      G
               +--------+--------+--------+--------+--------+-----+--------+
         Total |   3549 |   3430 |    119 |    829 |   2040 |   4 |  887.2 |
       Dungeon |   3549 |   3430 |    119 |    829 |   2040 |   4 |  887.2 |
               +--------+--------+--------+--------+--------+-----+--------+

Top non-repeatable levels by time:
     D:2: 1693 daAuts
     D:3: 961 daAuts
     D:1: 807 daAuts
     D:4: 86 daAuts
